 Dungeon Crawl Stone Soup version 0.30-a0-808-g6e0788376e (webtiles) character file.

Game seed: 8344492588667278221

112 cforsyth the Sneak (level 5, -2/48 HPs)
             Began as a Kobold Brigand on Feb 26, 2023.
             Slain by an orc priest
             ... wielding a +0 hand axe
              (5 damage)
             ... on level 4 of the Dungeon.
             The game lasted 00:02:31 (2541 turns).

cforsyth the Sneak (Kobold Brigand)                 Turns: 2541, Time: 00:02:32

Health: -2/48      AC:  4    Str: 12    XL:     5   Next: 16%
Magic:  5/5        EV: 15    Int: 12    God:
Gold:   173        SH:  0    Dex: 18    Spells: 4/4 levels left

rFire   + . .      SeeInvis .    a - +2 dagger
rCold   . . .      Faith    .    (no shield)
rNeg    + . .      Spirit   .    r - +1 robe "Teutz" {Str+3}
rPois   .          Reflect  .    (no helmet)
rElec   .          Harm     .    c - +0 cloak
rCorr   .          Rampage  .    (no gloves)
Will    .....                    (no boots) Stlth
                                 f - amulet of the acrobat
HPRegen 0.28/turn                n - ring of positive energy
MPRegen 0.09/turn                l - ring of protection from fire

@: berserking, very quick
A: small, no large weapons, nightstalker 3
a: no special abilities


You were on level 4 of the Dungeon.
You visited 1 branch of the dungeon, and saw 4 of its levels.

You collected 173 gold pieces.

Inventory:

Hand Weapons
 a - a +2 dagger (weapon)
Missiles
 d - 12 poisoned darts (quivered)
 e - 3 curare-tipped darts
Armour
 b - a +0 robe
 c - a +0 cloak (worn)
 r - the +1 robe "Teutz" (worn) {Str+3}
   (You found it on level 3 of the Dungeon)

   Str:       It affects your strength (+3).
Jewellery
 f - an amulet of the acrobat (around neck)
 l - a ring of protection from fire (right hand)
 n - a ring of positive energy (left hand)
Scrolls
 h - 2 scrolls of fear {unknown}
 i - a scroll of teleportation {unknown}
 k - 3 scrolls of identify {unknown}
 m - a scroll of silence {unknown}
 p - 2 scrolls of fog {unknown}
Potions
 g - 2 potions of attraction {unknown}
 j - a potion of flight {unknown}
 o - 2 potions of might {unknown}
 q - 3 potions of mutation {unknown}
 s - 2 potions of berserk rage
 t - a potion of heal wounds {unknown}
 u - a potion of brilliance {unknown}
 v - a potion of curing {unknown}


   Skills:
 + Level 3.3 Fighting
 + Level 4.0 Short Blades
 - Level 2.1 Throwing
 + Level 2.8 Dodging
 + Level 6.2 Stealth


You had 4 spell levels left.
You didn't know any spells.
Your spell library contained the following spells:

 Spells                   Type           Power      Damage    Failure   Level
 Magic Dart               Conj           0%         1d3       32%         1
 Call Imp                 Summ           0%         N/A       45%         2
 Lesser Beckoning         Tloc           0%         N/A       45%         2
 Gell's Gravitas          Tloc           0%         N/A       69%         3
 Mephitic Cloud           Conj/Pois/Air  0%         N/A       69%         3
 Teleport Other           Tloc           0%         N/A       69%         3
 Malign Gateway           Summ/Tloc      0%         N/A       100%        7
 Summon Horrible Things   Summ           0%         N/A       100%        8


Dungeon Overview and Level Annotations

Branches:
Dungeon (4/15)
 Temple: D:4-7

Altars:
Uskayaw
The Shining One

Shops:
D:3 =

Annotations:
D:3 3 runed translucent doors, pigah's ghost, amateur OpWn


Innate Abilities, Weirdness & Mutations

You are small and have problems with some larger weapons.
You are completely attuned to the shadows.


Message History

The orc priest barely misses you.
You hit the orc priest.
The orc priest is heavily wounded.
The orc priest invokes the aid of Beogh against you.
Pain shoots through your body!
You hit the orc priest but do no damage.
The orc priest is heavily wounded.
The orc priest closely misses you.
You hit the orc priest but do no damage.
The orc priest is heavily wounded.
The orc priest casts a cantrip, but nothing happens.
You hit the orc priest but do no damage.
The orc priest is heavily wounded.
You closely miss the orc priest.
The orc priest is heavily wounded.
The orc priest hits you with a +0 trident.
An orc priest comes into view. It is wielding a +0 hand axe.
You hit the orc priest but do no damage.
The orc priest is heavily wounded.
The orc priest hits you with a +0 trident.
* * * LOW HITPOINT WARNING * * *
You hit the orc priest but do no damage.
The orc priest is heavily wounded.
The orc priest barely misses you.
It was a potion of berserk rage.
A red film seems to cover your vision as you go berserk!
You feel yourself moving faster!
You feel mighty!
The orc priest hits you with a +0 trident.
* * * LOW HITPOINT WARNING * * *
The orc priest calls down the wrath of Beogh upon you.
Pain shoots through your body!
* * * LOW HITPOINT WARNING * * *
You are too berserk!
Unknown command.
You puncture the orc priest!
The orc priest is almost dead.
You barely miss the orc priest.
The orc priest is almost dead.
The orc priest hits you with a +0 hand axe.
You die...

###.##.###.#
#.##.##.#
#........#
#.##..#.#
####.#####
#.......#
#+#
#####.###
#.# ####.#
##.##.#
###o..#.#
...o@...##
#........#
#.##.##..# #
#...))#
#.###.# # .#
.#


You could see 2 orc priests.

Vanquished Creatures
  5 adders
  2 worms (D:2)
  4 dart slugs (D:1)
  4 orcs
  6 ball pythons
  3 endoplasms
  A giant cockroach (D:2)
  3 goblins
  5 hobgoblins
  2 jackals (D:2)
  A quokka (D:2)
  3 bats
  A frilled lizard (D:3)
  5 kobolds
  4 rats
49 creatures vanquished.

Notes
Turn   | Place    | Note
-------+----------+-------------------------------------------
     0 | D:1      | cforsyth the Kobold Brigand began the quest for the Orb.
     0 | D:1      | Reached XP level 1. HP: 12/12 MP: 1/1
   171 | D:1      | Reached XP level 2. HP: 18/18 MP: 2/2
  1034 | D:2      | Reached XP level 3. HP: 22/22 MP: 3/3
  1113 | D:2      | Found a faded altar of an unknown god.
  1590 | D:3      | Found a glowing golden altar of the Shining One.
  1590 | D:3      | Found a hide-covered altar of Uskayaw.
  1611 | D:3      | Identified the +1 robe "Teutz" {Str+3}
  1636 | D:3      | Reached XP level 4. HP: 27/27 MP: 4/4
  2104 | D:3      | Found a runed translucent gate.
  2105 | D:3      | Found a runed translucent gate.
  2106 | D:3      | Found a runed translucent gate.
  2106 | D:3      | Noticed pigah's ghost (amateur OpWn)
  2141 | D:3      | Found Johymo's Jewellery Boutique.
  2308 | D:4      | Reached skill level 6 in Stealth
  2420 | D:4      | Reached XP level 5. HP: 32/32 MP: 5/5
  2541 | D:4      | Slain by an orc priest

Illustrated notes

Levels and vault maps discovered:
D:1:      sevenhm_arrival_forest_fort_large_4, layout_basic,
          reono_crystal_passage
D:2:      layout_rooms, nicolae_ecumenical_snake_handling
D:3:      layout_loops_ring, gammafunk_temple_overflow_wave, serial_shops, shop,
          biasface_ghost_orc_armoury
D:4:      layout_loops_corners, nicolae_qazlal_eye_of_the_storm,
          ebering_ghost_reflecting_pool, minmay_rat_hole

Skill      XL: |  1  2  3  4 |
---------------+-------------+-----
Short Blades   | 3 4 |  4.0
Dodging        | 2 |  2.8
Fighting       | 3 |  3.3
Stealth        | 6 |  6.2
Throwing       | |  2.1

Action                     |  1- 3 |  4- 6 || total
---------------------------+-------+-------++-------
  Melee: Dagger            |    92 |    45 ||   137
         Punch             |       |     1 ||     1
    Use: Potion            |       |     1 ||     1
   Stab: Sleeping          |    10 |    11 ||    21
         Distracted        |     1 |       ||     1
 Armour: Robe              |    13 |     1 ||    14
  Dodge: Dodged            |    48 |    15 ||    63

Table legend: (Time is in decaauts)
 A = Elapsed time spent in this place.
 B = Non-inter-level travel time spent in this place.
 C = Inter-level travel time spent in this place.
 D = Time resting spent in this place.
 E = Time spent auto-exploring this place.
 F = Levels seen in this place.
 G = Mean time per level.
                   A        B        C        D        E       F      G
               +--------+--------+--------+--------+--------+-----+--------+
         Total |   2516 |   2431 |     85 |      0 |   2118 |   4 |  629.0 |
       Dungeon |   2516 |   2431 |     85 |      0 |   2118 |   4 |  629.0 |
               +--------+--------+--------+--------+--------+-----+--------+

Top non-repeatable levels by time:
     D:1: 829 daAuts
     D:3: 729 daAuts
     D:2: 704 daAuts
     D:4: 252 daAuts
